 Dungeon Crawl Stone Soup version bcrawl-1.12.2 (webtiles) character file.

Game seed: 3071825265886388917

413 RedPan the Slasher (level 6, 0/36 HPs)
             Began as an Avariel Reaver on July 24, 2019.
             Was an Elder of Vehumet.
             Slain by a gnoll
             ... wielding a +0 spear
              (9 damage)
             ... on level 4 of the Dungeon.
             The game lasted 00:11:03 (4379 turns).

RedPan the Slasher (Avariel Reaver)                 Turns: 4379, Time: 00:11:03

Health: 0/36       AC:  6    Str:  9    XL:     6   Next: 91%
Magic:  3/12       EV: 13    Int: 20    God:    Vehumet [****..]
Gold:   170        SH:  1    Dex: 13    Spells: 6/11 levels left

rFire    . . .     SeeInvis .   a - +1 long sword
rCold    . . .     Gourm    .   (no shield)
rNeg     . . .     Faith    .   b - +1 steam dragon scales
rPois    .         Spirit   .   (no helmet)
rElec    .         Reflect  .   (no cloak)
rCorr    .         Harm     .   (no gloves)
MR       .....                  (no boots)
Stlth    +.........             (no amulet)
HPRegen  0.12/turn              (no ring)
MPRegen  0.13/turn              (no ring)

@: no status effects
A: no striking features
a: Renounce Religion


You were on level 4 of the Dungeon.
You worshipped Vehumet.
Vehumet was greatly pleased with you.
You were not hungry.

You visited 1 branch of the dungeon, and saw 4 of its levels.

You collected 170 gold pieces.

Inventory:

Hand Weapons
 a - a +1 long sword (weapon)
 j - a +0 falchion
Armour
 b - +1 steam dragon scales (worn)
Scrolls
 d - 5 scrolls of immolation
 e - 5 scrolls of teleportation
 h - a scroll of magic mapping
Potions
 c - a potion of haste
 g - a potion of flight {unknown}
 i - 6 potions of curing
 k - a potion of resistance
 l - 2 potions of might {unknown}
 n - a potion of degeneration {unknown}
Comestibles
 f - 7 rations {!d}
 m - 4 chunks of flesh


   Skills:
 + Level 2.8 Fighting
 - Level 6.0 Long Blades
 + Level 3.4 Dodging
 - Level 3.0 Spellcasting
 + Level 3.5 Conjurations
 + Level 2.8 Fire Magic
 - Level 2.1 Ice Magic


You had 6 spell levels left.
You knew the following spells:

 Your Spells              Type           Power        Failure   Level  Hunger
a - Freeze                Ice            ##....       1%          1    None
b - Flame Tongue          Conj/Fire      ###..        1%          1    None
c - Iskenderun's Mystic   Conj           ###.....     2%          3    ###....

Your spell library contained the following spells:

 Spells                   Type           Power        Failure   Level  Hunger
 Ignite Poison            Fire/Tmut/Pois #.......     8%          3    ###....
 Iskenderun's Battlesphe  Conj/Chrm      ##......     41%         5    ######.


Dungeon Overview and Level Annotations

Branches:
Dungeon (4/12)             Temple (0/1) D:4

Altars:
Ashenzari
Elyvilon
Makhleb
Sif Muna


Message History

Casting: Flame Tongue (safe; 1% risk of failure)
Confirm with . or Enter, or press ? or * to list all spells.
Aiming: Flame Tongue (safe; 1% risk of failure)
Press: ? - help, Shift-Dir - straight line, f - hobgoblin
Aim: a hobgoblin, wielding a -1 club (almost dead)
The flame tongue hits the hobgoblin.
You kill the hobgoblin!
Vehumet accepts your kill.
You feel your power returning.
The gnoll hits you from afar with a +0 spear.
* * * LOW HITPOINT WARNING * * *
Casting: Flame Tongue (safe; 1% risk of failure)
Confirm with . or Enter, or press ? or * to list all spells.
Aiming: Flame Tongue (safe; 1% risk of failure)
Press: ? - help, Shift-Dir - straight line, f - gnoll
Aim: a gnoll, wielding a +0 spear The flame tongue hits the gnoll.
The gnoll is heavily wounded.
The gnoll hits you from afar with a +0 spear!
You die...

### #$. ########
######## #.$ #).....##
##.....#. #$$
#.......###......')
#)##........#.......##
#.Kg.@......#.........
#...........'.........
#...........#.........
#+##........#......[##
#.......###......'.
#......## ##.....#)
######## ########


You could see a gnoll and a kobold.

Vanquished Creatures
  A hound (D:2)
  An orc priest (D:3)
  11 gnolls
  8 adders
  4 worms
  4 dart slugs
  4 leopard geckos
  10 orcs
  4 giant cockroaches
  20 goblins
  34 hobgoblins
  4 jackals (D:1)
  14 kobolds
  2 quokkas
  2 ball pythons (D:3)
  5 bats
  4 frilled lizards
  7 rats
139 creatures vanquished.

Vanquished Creatures (others)
  An orc (D:3)
1 creature vanquished.

Grand Total: 140 creatures vanquished

Notes
Turn   | Place    | Note
-------+----------+-------------------------------------------
     0 | D:1      | RedPan the Avariel Reaver began the quest for the Orb.
     0 | D:1      | Reached XP level 1. HP: 13/13 MP: 6/6
   189 | D:1      | Reached XP level 2. HP: 18/18 MP: 8/8
   306 | D:1      | Reached skill level 4 in Long Blades
   531 | D:1      | Reached XP level 3. HP: 19/22 MP: 9/9
   641 | D:1      | Reached * piety under Vehumet
   641 | D:1      | Offered knowledge of Freeze by Vehumet.
   651 | D:1      | Learned a level 1 spell: Freeze
   862 | D:2      | Found a burning altar of Makhleb.
   870 | D:2      | Reached skill level 1 in Ice Magic
   870 | D:2      | Reached XP level 4. HP: 25/27 MP: 0/10
   980 | D:2      | Found a white marble altar of Elyvilon.
  1006 | D:2      | Found a shattered altar of Ashenzari.
  1024 | D:2      | Reached skill level 5 in Long Blades
  1646 | D:3      | Reached XP level 5. HP: 28/31 MP: 5/11
  1700 | D:3      | Reached ** piety under Vehumet
  1710 | D:3      | Offered knowledge of Flame Tongue by Vehumet.
  1716 | D:3      | Learned a level 1 spell: Flame Tongue
  1919 | D:2      | Reached skill level 1 in Conjurations
  2053 | D:3      | Reached skill level 1 in Fire Magic
  2582 | D:2      | Reached XP level 6. HP: 29/36 MP: 3/12
  2777 | D:3      | Offered knowledge of Iskenderun's Mystic Blast by Vehumet.
  2782 | D:3      | Learned a level 3 spell: Iskenderun's Mystic Blast
  3156 | D:4      | Found a staircase to the Ecumenical Temple.
  3359 | D:4      | Found a deep blue altar of Sif Muna.
  3653 | D:4      | Reached *** piety under Vehumet
  3678 | D:4      | Reached skill level 6 in Long Blades
  3797 | D:4      | Offered knowledge of Ignite Poison by Vehumet.
  4375 | D:4      | Reached **** piety under Vehumet
  4379 | D:4      | Slain by a gnoll

Skill      XL: |  1  2  3  4  5  6 |
---------------+-------------------+-----
Spellcasting   | 3 |  3.0
Long Blades    | 4 5 6 |  6.0
Ice Magic      | 1 2 |  2.1
Conjurations   | 2 3 |  3.5
Fire Magic     | 1 2 |  2.8
Fighting       | |  2.8
Dodging        | |  3.4

Action                   |  1- 3 |  4- 6 || total
-------------------------+-------+-------++-------
Melee: Long sword        |   120 |   120 ||   240
 Cast: Freeze            |    11 |    42 ||    53
       Flame Tongue      |       |   148 ||   148
  Use: Scroll            |       |     6 ||     6
 Stab: Sleeping          |     1 |       ||     1
  Eat: Chunk             |       |    11 ||    11
Armor: Steam dragon scal |    48 |    62 ||   110
Dodge: Dodged            |   126 |   196 ||   322
Block: Other             |     1 |    14 ||    15
